 Dungeon Crawl Stone Soup version 0.30-a0-799-g109b55a442 (webtiles) character file.

Game seed: 18438896937664177497

2477 miscthings the Thaumaturge (level 9, -9/55 HPs)
             Began as a Djinni Conjurer on Feb 20, 2023.
             Mangled by an orc knight
             ... wielding a +0 glaive
              (21 damage)
             ... in a bailey.
             The game lasted 00:10:37 (4673 turns).

miscthings the Thaumaturge (Djinni Conjurer)        Turns: 4673, Time: 00:10:37

Health: -9/55      AC:  6    Str:  6    XL:     9   Next: 80%
Gold:   508        EV: 12    Int: 29    God:
                   SH:  0    Dex: 13

rFire   + + +      SeeInvis .    i - +1 whip (venom)
rCold   . . .      Faith    .    (no shield)
rNeg    . . .      Spirit   .    C - +1 robe {rC+ rF+}
rPois   ∞          Reflect  .    q - +0 helmet
rElec   .          Harm     .    n - +1 cloak
rCorr   .          Rampage  .    (no gloves)
Will    .....                    (boots unavailable)
Stlth   ++                       x - amulet of regeneration
HPRegen 1.09/turn                r - ring of protection from fire
MPRegen 0.00/turn                v - +6 ring of intelligence

@: flying
A: sickness immunity, fire resistance 2, cold vulnerability 1, float, innate
caster, HP casting, extra vitality 1
a: no special abilities


You were in a bailey.
You visited 2 branches of the dungeon, and saw 8 of its levels.
You also visited: Bailey.

You collected 508 gold pieces.

Inventory:

Hand Weapons
 i - a +1 whip of venom (weapon)
 t - the +0 spear "Goblinslayer" {heavy, rC- Str+3 Int+2}
   (You found it on level 4 of the Dungeon)

   Str:       It affects your strength (+3).
   Int:       It affects your intelligence (+2).
   rC:        It makes you vulnerable to cold.
Armour
 n - a +1 cloak (worn)
 q - a +0 helmet (worn)
 C - a +1 robe of resistance (worn)
Jewellery
 r - a ring of protection from fire (left hand)
 v - a +6 ring of intelligence (right hand)
 x - an amulet of regeneration (around neck)
 A - a ring of resist corrosion
Wands
 a - a wand of polymorph (9)
 y - a wand of charming (13)
 E - a wand of roots (11)
Scrolls
 d - a scroll of amnesia {unknown}
 f - a scroll of immolation
 m - a scroll of enchant weapon {unknown}
 p - a scroll of teleportation
 s - a scroll of noise {unknown}
 w - 2 scrolls of enchant armour
 B - a scroll of vulnerability
 D - a scroll of poison {unknown}
Potions
 b - 2 potions of mutation {unknown}
 c - 2 potions of might {unknown}
 e - 4 potions of haste {unknown}
 g - 4 potions of curing {unknown}
 h - 3 potions of cancellation {unknown}
 j - 4 potions of attraction {unknown}
 k - 3 potions of magic {unknown}
 o - a potion of resistance
 u - 2 potions of brilliance {unknown}
 z - 3 potions of ambrosia {unknown}
 F - 3 potions of invisibility {unknown}


   Skills:
 - Level 2.1 Dodging
 - Level 1.5 Stealth
 + Level 10.3 Spellcasting


You knew the following spells:

 Your Spells              Type           Power      Damage    Failure   Level
a - Searing Ray           Conj           100%       2d8       1%          2
b - Magic Dart            Conj           100%       1d8       1%          1
c - Dazzling Flash        Conj/Hex       100%       N/A       1%          3
d - Fulminant Prism       Conj/Hex       32%        3d16      1%          4
e - Iskenderun's Mystic   Conj/Tloc      65%        2d13      1%          4
f - Foxfire               Conj/Fire      100%       2x1d9     1%          1
g - Ensorcelled Hibernat  Hex/Ice        100%       N/A       1%          2
h - Momentum Strike       Conj/Tloc      100%       3d10      1%          2
i - Spider Form           Tmut/Pois      65%        N/A       1%          3
Your spell library was empty.

Dungeon Overview and Level Annotations

Branches:
Dungeon (7/15)             Temple (1/1) D:4          Bailey (1/1)

Altars:
Cheibriados
Dithmenos
Elyvilon
Fedhas
Gozag
Hepliaklqana
Makhleb
Nemelex Xobeh
Qazlal
Ru
Trog
Uskayaw
Wu Jian
Xom
Yredelemnul
Zin
The Shining One

Shops:
D:1 ?


Innate Abilities, Weirdness & Mutations

You are immune to sickness and miasma.
You are immune to poison.
Your flesh is very heat resistant. (rF++)
You are vulnerable to cold. (rC-)
You float through the air rather than walking.
You learn spells naturally, not from books.
Your magical power is your life essence.
You have superior vitality. (+4 MHP)


Message History

Press: ? - help, Q - select action, (/) - cycle Dir - move target You conjure a prism of explosive energy!
A fulminant prism comes into view.
Your fulminant prism crackles loudly.
The orc warrior closely misses you.
Casting: Fulminant Prism (dangerous; 1% risk of failure)
Confirm with . or Enter, or press ? or * to list all spells.
You erupt in a blast of force!
The mystic blast hits the orc warrior!!
You kill the orc warrior!
Your fulminant prism explodes!
The blast of energy engulfs the orc knight!!
The orc knight is heavily wounded.
The blast of energy engulfs your fulminant prism!!
Your fulminant prism detonates feebly.
An orc warrior comes into view. It is wielding a +0 bardiche.
Aiming: Fulminant Prism (dangerous; 1% risk of failure)
Press: ? - help, Q - select action, (/) - cycle Dir - move target You conjure a prism of explosive energy!
The orc warrior shouts!
A fulminant prism comes into view.
Aiming: Fulminant Prism (dangerous; 1% risk of failure)
Press: ? - help, Q - select action, (/) - cycle Dir - move target You conjure a prism of explosive energy!
A fulminant prism comes into view.
Your fulminant prism crackles loudly.
The orc knight hits you from afar with a +0 glaive!!
* * * LOW HITPOINT WARNING * * *
Casting: Fulminant Prism (dangerous; 1% risk of failure)
Confirm with . or Enter, or press ? or * to list all spells.
You erupt in a blast of force!
The mystic blast hits the orc knight!
The orc knight is heavily wounded.
* * * LOW HITPOINT WARNING * * *
Your fulminant prism explodes!
The blast of energy engulfs the orc knight!!
The orc knight is almost dead.
The blast of energy engulfs your fulminant prism!!
Your fulminant prism detonates feebly.
The blast of energy engulfs the orc warrior!!
The orc warrior is severely wounded.
The orc knight hits you from afar with a +0 glaive!!
You die...

####### ######
##.....#########.....##
####..)....#.....#...)...'
...#.)##)..'.....'..#)...'
...'..8....'....@'o)o)...'
...#.)##)..'.....)..#)...'
####...))..#.....#....)..'
##..)).#########.....##
####### ######


You could see an orc knight and an orc warrior (strong).

Vanquished Creatures
  Grinder (D:3)
  Sigmund (D:6)
  Menkaure (D:7)
  A steam dragon (D:7)
  A black bear (D:5)
  2 sky beasts (D:6)
  4 orc warriors (Bailey)
  A centaur (D:5)
  A bullfrog (D:7)
  3 scorpions
  Dowan (D:7)
  An electric eel (D:7)
  4 hounds
  A jelly (D:5)
  4 orc priests
  Crazy Yiuf (D:2)
  An iguana (D:4)
  5 orc wizards
  4 gnolls (D:7)
  6 adders
  An ufetubus (D:5)
  3 worms
  2 dart slugs
  46 orcs
  10 ball pythons
  6 bats
  11 endoplasms
  9 hobgoblins
  2 jackals (D:1)
  5 quokkas
  4 frilled lizards (D:2)
  9 goblins
  9 kobolds
  5 rats
  2 fulminant prisms (Bailey)
168 creatures vanquished.

Vanquished Creatures (others)
  Duvessa (D:7)
  21 fulminant prisms
  7 plants (D:1)
29 creatures vanquished.

Grand Total: 197 creatures vanquished

Notes
Turn   | Place    | Note
-------+----------+-------------------------------------------
     0 | D:1      | miscthings the Djinni Conjurer began the quest for the Orb.
     0 | D:1      | miscthings set off with the following spells memorised:
                  | Magic Dart, Searing Ray, Dazzling Flash, Fulminant Prism,
                  | Iskenderun's Mystic Blast.
     0 | D:1      | Reached XP level 1. HP: 15/15 MP: 0/0
   123 | D:1      | Reached XP level 2. HP: 12/21 MP: 0/0
   352 | D:1      | Found Hitheiku's Magic Scroll Boutique.
   553 | D:1      | Reached XP level 3. HP: 5/25 MP: 0/0
   553 | D:1      | Learned a level 1 spell: Foxfire
   665 | D:1      | Reached skill level 4 in Spellcasting
  1360 | D:2      | Reached XP level 4. HP: 29/31 MP: 0/0
  1535 | D:2      | Reached XP level 5. HP: 11/35 MP: 0/0
  1535 | D:2      | Learned a level 2 spell: Ensorcelled Hibernation
  1705 | D:2      | Found a runed translucent door.
  1706 | D:2      | Noticed Crazy Yiuf
  1989 | D:2      | Killed Crazy Yiuf
  1990 | D:2      | Reached skill level 5 in Spellcasting
  2081 | D:3      | Noticed Grinder
  2082 | D:3      | Reached XP level 6. HP: 11/40 MP: 0/0
  2083 | D:3      | Killed Grinder
  2084 | D:3      | Reached skill level 6 in Spellcasting
  2084 | D:3      | Reached XP level 7. HP: 11/45 MP: 0/0
  2084 | D:3      | Learned a level 2 spell: Momentum Strike
  2899 | D:4      | Found a staircase to the Ecumenical Temple.
  2902 | D:4      | Identified the +0 spear "Goblinslayer" {heavy, rC- Str+3
                  | Int+2}
  2921 | Temple   | Entered the Ecumenical Temple
  3363 | D:5      | Entered Level 5 of the Dungeon
  3449 | D:5      | Found a sparkling altar of Nemelex Xobeh.
  3524 | D:5      | Reached skill level 7 in Spellcasting
  3524 | D:5      | Reached XP level 8. HP: 40/50 MP: 0/0
  3833 | D:6      | Noticed Sigmund
  3837 | D:6      | Killed Sigmund
  3838 | D:6      | Reached skill level 8 in Spellcasting
  4070 | D:6      | Reached XP level 9. HP: 54/55 MP: 0/0
  4070 | D:6      | Learned a level 3 spell: Spider Form
  4335 | D:7      | Noticed Duvessa
  4335 | D:7      | Noticed Dowan
  4338 | D:7      | Killed Dowan
  4353 | D:7      | Reached skill level 9 in Spellcasting
  4354 | D:7      | Killed Duvessa
  4419 | D:7      | Noticed Menkaure
  4422 | D:7      | Killed Menkaure
  4567 | D:7      | Found a flagged portal.
  4572 | Bailey   | Entered a bailey
  4656 | Bailey   | Reached skill level 10 in Spellcasting
  4664 | Bailey   | Noticed an orc knight
  4673 | Bailey   | Mangled by an orc knight

Illustrated notes

Levels and vault maps discovered:
D:1:      elethiomel_arrival_infinity_welcomes_careful_drivers,
          layout_loops_ring, serial_shops, nicolae_shop_window_shopping,
          serial_forest, infiniplex_forest_clump_diagonal,
          infiniplex_forest_straight_1, infiniplex_forest_clump_medium,
          infiniplex_forest_clump_C, infiniplex_forest_lined_2,
          infiniplex_forest_lined_ring, infiniplex_forest_zigzag_1,
          infiniplex_forest_clump_small, infiniplex_forest_lined_room_2
D:2:      layout_basic, basic_altar, minmay_misc_feat_ornament,
          kennysheep_potato, uniq_crazy_yiuf_cottage
D:3:      kennysheep_six_static_rooms, layout_loops_ring, uniq_grinder
D:4:      layout_cave_pools, minmay_temple_entry_sparse_star
D:5:      layout_rooms, nicolae_overflow_hidden_temple
D:6:      cheibrodos_iron_armory, layout_cave_pools, bh_walls_and_bars,
          uniq_sigmund
D:7:      layout_basic, mainiacjoe_overflow_concentric_impassable,
          enter_bailey_3, grunt_ministairs_1, minivault_4, wad_floor_pattern_1,
          uniq_duvessa, uniq_menkaure, uniq_maggie
Temple:   hc_temple_tempest_star
Bailey:   bailey_polearm_5, bailey

Skill      XL: |  1  2  3  4  5  6  7  8  9 |
---------------+----------------------------+-----
Spellcasting   | 4 5 6 7 8 10 | 10.3
Dodging        | |  2.1
Stealth        | |  1.5

Action                     |  1- 3 |  4- 6 |  7- 9 || total
---------------------------+-------+-------+-------++-------
  Melee: Whip              |       |       |     2 ||     2
   Cast: Magic Dart        |    27 |       |    14 ||    41
         Searing Ray       |    28 |    13 |    48 ||    89
         Iskenderun's Myst |       |     2 |    23 ||    25
         Fulminant Prism   |       |     1 |    22 ||    23
    Use: Scroll            |       |     1 |     6 ||     7
 Armour: Robe              |     2 |     1 |    17 ||    20
  Dodge: Dodged            |    16 |    10 |    31 ||    57

Table legend: (Time is in decaauts)
 A = Elapsed time spent in this place.
 B = Non-inter-level travel time spent in this place.
 C = Inter-level travel time spent in this place.
 D = Time resting spent in this place.
 E = Time spent auto-exploring this place.
 F = Levels seen in this place.
 G = Mean time per level.
                   A        B        C        D        E       F      G
               +--------+--------+--------+--------+--------+-----+--------+
         Total |   4670 |   4419 |    251 |    213 |   3315 |   9 |  518.9 |
       Dungeon |   4419 |   4187 |    232 |    213 |   3155 |   7 |  631.3 |
        Temple |    150 |    132 |     18 |      0 |    120 |   1 |  150.0 |
        Bailey |    100 |    100 |      0 |      0 |     40 |   1 |  100.0 |
               +--------+--------+--------+--------+--------+-----+--------+

Top non-repeatable levels by time:
     D:1: 1145 daAuts
     D:2: 884 daAuts
     D:3: 743 daAuts
     D:6: 524 daAuts
     D:5: 445 daAuts
     D:4: 438 daAuts
     D:7: 238 daAuts
  Temple: 150 daAuts
  Bailey: 100 daAuts
